 Dungeon Crawl Stone Soup version 0.19-a0-36-g4a0968a (webtiles) character file.

60 Mefis the Magician (level 3, 0/19 HPs)
             Began as a Deep Elf Wizard on May 3, 2016.
             Was an Initiate of the Shining One.
             Slain by an orc
             ... wielding a +0 mace
              (4 damage)
             ... on level 3 of the Dungeon.
             The game lasted 00:09:07 (3052 turns).

Mefis the Magician (Deep Elf Wizard)                Turns: 3052, Time: 00:09:07

Health: 0/19       AC:  3    Str:  4    XL:     3   Next: 80%
Magic:  11/11      EV:  8    Int: 23    God:    the Shining One [......]
Gold:   156        SH:  0    Dex: 13    Spells: 5 memorised, 2 levels left

rFire  . . .     SeeInvis .     e - +0 dagger
rCold  . . .     Gourm    .     a - +0 robe
rNeg   . . .     Faith    .     (no shield)
rPois  .         Spirit   .     h - +1 hat
rElec  .         Dismiss  .     (no cloak)
rCorr  .         Reflect  .     (no gloves)
SustAt .         Harm     .     (no boots)
MR     .....                    (no amulet)
Stlth  +.........               (no ring)
                                (no ring)

@: glowing, repel missiles, not resistant to hostile enchantments, very
unstealthy
A: no striking features
a: Renounce Religion


You were on level 3 of the Dungeon.
You worshipped the Shining One.
The Shining One was noncommittal.
You were not hungry.

You visited 1 branch of the dungeon, and saw 3 of its levels.

You collected 156 gold pieces.

Inventory:

Hand Weapons
 e - a +0 dagger (weapon)
Missiles
 f - 50 arrows
 n - 7 needles of confusion
Armour
 a - a +0 robe (worn)
 b - a +0 hat
 h - a +1 hat (worn)
Jewellery
 i - an uncursed amulet of regeneration {unknown}
Scrolls
 g - a scroll of enchant weapon {unknown}
 k - a scroll of identify {unknown}
 l - a scroll of remove curse {unknown}
Potions
 j - a potion of lignification {unknown}
 m - a potion of heal wounds {unknown}
Books
 c - a book of Minor Magic

   Spells                             Type                      Level
   a - Magic Dart                     Conjuration                  1
   b - Blink                          Translocation                2
   c - Call Imp                       Summoning                    2
   d - Repel Missiles                 Charms/Air                   2
   e - Slow                           Hexes                        2
   f - Conjure Flame                  Conjuration/Fire             3
   g - Mephitic Cloud                 Conjuration/Poison/Air       3
Comestibles
 d - 2 bread rations
 o - a royal jelly


   Skills:
 + Level 2.9 Dodging
 + Level 3.1 Stealth
 + Level 5.1 Spellcasting
 + Level 1.9 Conjurations
 + Level 1.3 Charms
 + Level 1.2 Summonings
 + Level 1.3 Translocations
 + Level 0.4 Poison Magic


You had 2 spell levels left.
You knew the following spells:

 Your Spells              Type           Power        Failure   Level  Hunger
a - Magic Dart            Conj           ##..         4%          1    None
b - Call Imp              Summ           ##......     10%         2    None
c - Blink                 Tloc           N/A          10%         2    None
d - Repel Missiles        Chrm/Air       #.....       14%         2    None
e - Mephitic Cloud        Conj/Pois/Air  #.......     21%         3    ##.....


Dungeon Overview and Level Annotations

Branches:
Dungeon (3/15)

Altars:
Ashenzari
The Shining One

Annotations:
D:3 Jessica, Robin


Message History

Confirm with . or Enter, or press ? or * to list all spells.
Aiming: Magic Dart
Press: ? - help, Shift-Dir - straight line, f - quokka
Aim: a quokka (hasn't noticed you)
The magic dart hits the quokka.
You kill the quokka!
Casting: Magic Dart
Confirm with . or Enter, or press ? or * to list all spells.
You can't see any susceptible monsters within range! (Use Z to cast anyway.) Unknown command.
You start resting.
Magic restored.
You climb downwards.
Level annotation: Jessica, Robin The orc barely misses you.
The orc hits you with a mace!
There is a stone staircase leading up, spattered with blood here.
The orc hits you but does no damage. The worm bites you!
* * * LOW HITPOINT WARNING * * *
The orc hits you with a mace.
You die... ##.......# #######.......# ..............# ..............#. ggg.... ..............#.# gg..... ..............#.# .)...[. ..............#.# gg.....

.............o#.##......(
............o@...'.......
............wo..##.......
.........................
.........(......##.......
..................>.........
........................####
.................######.#
................)######.#
..................)...#.#


You could see a worm and 3 orcs.

Vanquished Creatures
  3 dart slugs
  An orc (D:2)
  A giant cockroach (D:1)
  12 goblins
  11 hobgoblins
  4 jackals (D:3)
  A quokka (D:2)
  4 bats
  A giant newt (D:2)
  4 kobolds
  4 rats
  A fungus (D:2)
47 creatures vanquished.

Notes
Turn   | Place    | Note
--------------------------------------------------------------
     0 | D:1      | Mefis the Deep Elf Wizard began the quest for the Orb.
     0 | D:1      | Reached XP level 1. HP: 10/10 MP: 7/7
   620 | D:1      | Reached XP level 2. HP: 15/15 MP: 9/9
   624 | D:1      | Learned a level 2 spell: Call Imp
   627 | D:1      | Learned a level 2 spell: Blink
   630 | D:1      | Learned a level 2 spell: Repel Missiles
  1607 | D:2      | Reached XP level 3. HP: 19/19 MP: 11/11
  1612 | D:2      | Learned a level 3 spell: Mephitic Cloud
  1683 | D:2      | Found a glowing golden altar of the Shining One.
  1696 | D:2      | Became a worshipper of the Shining One
  2073 | D:2      | Found a shattered altar of Ashenzari.
  2115 | D:2      | Reached skill level 5 in Spellcasting
  2470 | D:3      | Reached skill level 1 in Charms
  2577 | D:3      | Noticed Robin
  2647 | D:3      | Noticed Jessica
  3052 | D:3      | Slain by an orc

Vault maps used:
D:1:      dpeg_arrival_refuge
D:2:      nicolae_overflow_crystal_walls, nicolae_ashenzari_panopticon,
          minmay_gold_behind_fungi
D:3:      first_bread, johnstein_pakellas_shop, uniq_robin, uniq_jessica

Skill      XL: |  1  2  3 |
---------------+----------+-----
Stealth        | 3 |  3.1
Spellcasting   | 5 |  5.1
Charms         | 1 |  1.3
Dodging        | |  2.9
Conjurations   | |  1.9
Summonings     | |  1.2
Translocations | |  1.3
Poison Magic   | |  0.4

Action                   || total
-------------------------++-------
Melee: Dagger            ||    65
 Cast: Magic Dart        ||   120
       Repel Missiles    ||     2
       Blink             ||     2
 Stab: Sleeping          ||     3
  Eat: Chunk             ||     4
       Bread ration      ||     1
Armor: Robe              ||    18
Dodge: Dodged            ||    58
       Deflected         ||     2
